 Dungeon Crawl Stone Soup version 0.31-a0-472-g43a2ca8e1b (console) character file.

Game seed: 8796017734802006962

21 Lexodia the Caller (level 2, 0/15 HPs)
             Began as a Tengu Summoner on Aug 6, 2023.
             Slain by a gnoll
             ... wielding a +0 spear
              (3 damage)
             ... on level 1 of the Dungeon.
             The game lasted 00:01:36 (218 turns).

Lexodia the Caller (Tengu Summoner)                  Turns: 218, Time: 00:01:36

Health: 0/15       AC:  2    Str:  8    XL:     2   Next: 87%
Magic:  3/6        EV: 12    Int: 15    God:
Gold:   0          SH:  0    Dex: 14    Spells: 4/5 levels left

rFire   . . .        g - +0 spear
rCold   . . .        (no shield)
rNeg    . . .        a - +0 robe
rPois   .            (helmet restricted)
rElec   .            (no cloak)
rCorr   .            (no gloves)
SInv    .            (boots unavailable)
Will    .....        (no amulet)
Stlth   ++           (no ring)
HPRegen 0.22/turn    (no ring)
MPRegen 0.10/turn

%: no passive effects
@: no status effects
A: beak, talons 3
a: no special abilities


You were on level 1 of the Dungeon.
You visited 1 branch of the dungeon, and saw 1 of its levels.

Inventory:

Hand Weapons
 g - a +0 spear (weapon)
Armour
 a - a +0 robe (worn)
Scrolls
 e - a scroll of noise {unknown}
Potions
 b - a potion of magic
 c - a potion of curing {unknown}
 d - a potion of cancellation {unknown}


   Skills:
 - Level 2.1 Dodging
 - Level 2.0 Stealth
 - Level 2.0 Spellcasting
 + Level 5.8 Summonings


You had 4 spell levels left.
You knew the following spells:

 Your Spells              Type           Power      Damage    Failure   Level
a - Summon Small Mammal   Summ           76%        N/A       1%          1

Your spell library contained the following spells:

 Spells                   Type           Power      Damage    Failure   Level
 Call Imp                 Summ           38%        N/A       3%          2
 Call Canine Familiar     Summ           19%        N/A       6%          3
 Summon Guardian Golem    Hex/Summ       10%        N/A       21%         3
 Summon Lightning Spire   Summ/Air       10%        N/A       54%         4


Dungeon Overview and Level Annotations

Branches:
Dungeon (1/15)

Altars:


Innate Abilities, Weirdness & Mutations

You have a beak for a mouth.
You have claws for feet.


Message History

Casting: Summon Small Mammal (safe; 1% risk of failure)
Confirm with . or Enter, or press ? or * to list all spells.
Casting: Summon Small Mammal (safe; 1% risk of failure)
Confirm with . or Enter, or press ? or * to list all spells.
Your bat barely misses the gnoll.
The gnoll misses you.
Your bat hits the gnoll but does no damage. x2
Unknown command.
Casting: Summon Small Mammal (safe; 1% risk of failure)
Confirm with . or Enter, or press ? or * to list all spells.
Your bat disappears in a puff of smoke!
Your bat closely misses the gnoll.
The gnoll barely misses you.
Reach: g) +0 spear
Press: ? - help, Dir - move target, f - gnoll
Aim: a gnoll, wielding a +0 spear (ally target, about 36% to evade your +0 spear)
You reach to attack!
You hit the gnoll.
The gnoll is moderately wounded.
Your bat hits the gnoll. The gnoll misses you.
Reach: g) +0 spear
Press: ? - help, Dir - move target, f/p - gnoll
Aim: a gnoll, wielding a +0 spear (moderately wounded, ally target, about 36% to evade your +0 spear)
You reach to attack!
You hit the gnoll but do no damage.
The gnoll is moderately wounded.
Your bat misses the gnoll. Your bat hits the gnoll.
Your bat closely misses the gnoll.
Your bat barely misses the gnoll.
The gnoll hits you from afar with a +0 spear.
Huge Dmg: -33%(-5hp) hp: 67%(10hp)
Casting: Summon Small Mammal (safe; 1% risk of failure)
Confirm with . or Enter, or press ? or * to list all spells.
Your bat disappears in a puff of smoke!
Your bat hits the gnoll but does no damage.
The gnoll hits you from afar with a +0 spear!
* * * LOW HITPOINT WARNING * * *
Huge Dmg: -47%(-7hp) hp: 20%(3hp)
Your bat barely misses the gnoll.
Your bat completely misses the gnoll.
Your bat hits the gnoll but does no damage.
Your bat barely misses the gnoll. x2
There is a stone staircase leading down here.
Your bat hits the gnoll but does no damage.
The gnoll hits you from afar with a +0 spear.
You die...

#......#........
#......#......♣.
+........... .. #
###.......######.#
#.#......††...##...#
#.#.##..†#....##.###
#....b.b†#....#.....
#.[.#>.g..............
♣. #@######..#.#(....
#.#..).#..........
#.).##.#...#..#...
#....#.#.........#
♣.#....#.#.........#
#..........)...#...+
♣#.....###.#.......#
#...... .#..#....#
♣......#. .# #..


You could see a gnoll (ally target) and 2 friendly bats.

Vanquished Creatures
  A goblin (D:1)
  3 jackals (D:1)
4 creatures vanquished.

Vanquished Creatures (collateral kills)
  A gnoll (D:1)
  A ball python (D:1)
  A bat (D:1)
  A giant cockroach (D:1)
  A kobold (D:1)
5 creatures vanquished.

Grand Total: 9 creatures vanquished

Notes
Turn   | Place    | Note
-------+----------+-------------------------------------------
     0 | D:1      | Lexodia the Tengu Summoner began the quest for the Orb.
     0 | D:1      | Reached XP level 1. HP: 10/10 MP: 4/4
    45 | D:1      | Huge Dmg: 2 dmg
    46 | D:1      | Reached skill level 5 in Summonings
    52 | D:1      | Reached XP level 2. HP: 13/15 MP: 1/6
   107 | D:1      | Huge Dmg: 8 dmg
   135 | D:1      | Huge Dmg: 2 dmg
   136 | D:1      | Huge Dmg: 3 dmg
   215 | D:1      | Huge Dmg: 5 dmg
   216 | D:1      | Huge Dmg: 7 dmg
   218 | D:1      | Slain by a gnoll

Illustrated notes

Levels and vault maps discovered:
D:1:      dpeg_arrival_simpleton_c, layout_basic, serial_shops, shop,
          serial_forest, infiniplex_forest_lined_3, infiniplex_forest_zigzag_1,
          infiniplex_forest_clump_small, infiniplex_forest_lined_1,
          infiniplex_forest_pool, infiniplex_forest_clump_curved,
          infiniplex_forest_lined_3, dilly_ecumenical_altar_fadedgnrine

Skill      XL: |  1 |
---------------+----+-----
Summonings     | 5 |  5.8
Dodging        | |  2.1
Stealth        | |  2.0
Spellcasting   | |  2.0

Action                     || total
---------------------------++-------
  Melee: Unarmed           ||    11
         Kick              ||     4
         Dagger            ||     3
         Spear             ||     2
   Cast: Summon Small Mamm ||    16
 Armour: Robe              ||     6
  Dodge: Dodged            ||    16

Table legend: (Time is in decaauts)
 A = Elapsed time spent in this place.
 B = Non-inter-level travel time spent in this place.
 C = Inter-level travel time spent in this place.
 D = Time resting spent in this place.
 E = Time spent auto-exploring this place.
 F = Levels seen in this place.
 G = Mean time per level.
                   A        B        C        D        E       F      G
               +--------+--------+--------+--------+--------+-----+--------+
         Total |    217 |    217 |      0 |     79 |     40 |   1 |  217.0 |
       Dungeon |    217 |    217 |      0 |     79 |     40 |   1 |  217.0 |
               +--------+--------+--------+--------+--------+-----+--------+

Top non-repeatable levels by time:
     D:1: 217 daAuts
